Map: Ulrena

Players

Miltreta

  • Race: Terran Terran
  • League: Bronze

Salocin - Winner!

  • Race: Protoss Protoss
  • League: Bronze

VOD

Have the link to the VOD?

Description

Time

  • Played on: March 17, 2016, 8:51 a.m.
  • Length: 27:00
Show
View Real Time Build Order
Export as new Build Order

Miltreta Terran 

Build Orders:  

Get SALT Encoding   

  12  0:05  SCV  
  13  0:16  Supply Depot  
  13  0:18  SCV  
  14  0:31  SCV  
  15  0:39  Barracks  
  15  0:42  Refinery  
  15  0:47  SCV  
  16  1:02  SCV  
  17  1:16  SCV  
  18  1:27  Marine  
  18  1:31  Supply Depot  
  19  1:33  SCV  
  19  1:34  Refinery  
  20  1:45  Marine  
  21  1:55  SCV  
  22  2:10  Barracks Reactor  
  22  2:14  Factory  
  22  2:29  SCV  
  23  2:47  Engineering Bay  
  23  2:50  Reaper  
  23  2:51  Reaper  
  25  2:58  Factory Tech Lab  
  25  3:05  Command Center  
  25  3:11  Starport  
  25  3:16  SCV  
  26  3:22  Bunker  
  25  3:49  Hellion  
  25  3:52  Bunker  
  25  3:55  Starport Reactor  
  27  3:58  Reaper x2  
  29  4:11  Hellion  
  31  4:18  Orbital Command  
  30  5:03  Siege Tank  
  30  5:05  Medivac x2  
  30  5:06  Marine x2  
  39  5:16  SCV  
  40  5:21  Barracks  
  40  5:22  Barracks  
  40  5:23  SCV  
  40  5:24  Refinery  
  40  5:28  SCV  
  42  5:32  Marine x2  
  44  5:51  Marine  
  44  5:52  Marine  
  46  6:19  Marine x2  
  46  6:23  Supply Depot  
  46  6:24  Barracks Tech Lab, Barracks Reactor  
  43  7:10  Marine x2  
  43  7:11  Marine x2, Liberator  
  43  7:12  Marauder  
  46  7:30  Medivac  
  48  7:41  Siege Tank  
  51  7:45  Stimpack  
  51  7:49  Terran Infantry Weapons Level 1  
  51  7:52  Engineering Bay  
  51  7:59  Supply Depot  
  51  8:03  Armory  
  51  8:04  Marine x3  
  54  8:06  Marine  
  54  8:09  Marauder  
  57  8:13  Siege Tank  
  57  8:19  Barracks  
  60  8:23  Starport  
  60  8:26  Marine x2  
  62  8:43  Marine x2  
  62  8:45  Marauder  
  58  9:37  Marine  
  58  9:38  Marine x3  
  61  9:42  Barracks Reactor  
  62  9:46  Combat Shields  
  62  9:48  Terran Infantry Weapons Level 2  
  62  9:49  Terran Infantry Armor Level 1  
  62  9:51  Marine  
  63  9:54  Thor  
  69  10:07  Supply Depot  
  69  10:08  Supply Depot  
  69  10:10  Starport Reactor  
  69  10:19  Marine x3  
  69  10:20  Marine  
  73  10:34  Planetary Fortress  
  73  10:45  SCV  
  74  10:57  SCV  
  74  11:02  Marine  
  74  11:03  Marine x5  
  81  11:07  Thor  
  87  11:13  SCV x2  
  89  11:27  Marine  
  89  11:28  Marine x3  
  93  12:15  Terran Infantry Armor Level 2, Terran Infantry Weapons Level 3  
  93  12:30  Marine  
  94  12:38  Supply Depot  
  94  12:40  Supply Depot x2  
  94  12:50  Command Center  
  94  12:51  Supply Depot  
  94  12:59  Marine x3, Liberator, Thor  
  94  13:00  Liberator  
  99  13:27  Missile Turret  
  99  13:28  Missile Turret  
  99  13:42  SCV  
  99  13:45  SCV  
  101  13:50  Refinery  
  101  14:05  Refinery  
  91  14:16  Refinery  
  84  14:17  Marine x2  
  84  14:18  Marine x3  
  84  14:20  Viking x2  
  93  14:54  Marine x2, Viking x2  
  93  14:55  Marine x4  
  93  14:57  Marauder  
  93  14:59  Missile Turret x2  
  87  15:32  Marine x5  
  87  15:33  Marine x2  
  92  15:36  Viking  
  92  15:37  Viking  
  96  15:50  Marine  
  96  15:54  SCV x3  
  96  15:56  Starport  
  100  15:58  Marine x3  
  103  16:06  Viking  
  103  16:11  Viking  
  107  16:13  Marine x2  
  107  16:14  Marine  
  107  16:16  Marauder, Siege Tank  
  115  16:24  Marine  
  115  16:25  Marine x2  
  118  16:31  Marine  
  119  16:37  Marauder  
  119  16:39  Terran Infantry Armor Level 3  
  121  16:42  Terran Ship Weapons Level 1  
  121  16:49  Viking x2  
  125  17:07  Barracks  
  125  17:12  Orbital Command  
  125  17:17  Marine x5  
  125  17:18  Marine  
  125  17:22  Medivac x2  
  133  18:08  Marine  
  133  18:09  Marine x3  
  137  18:28  Marine x2  
  137  18:29  Marine x2  
  141  18:45  Supply Depot  
  141  18:47  Supply Depot  
  141  18:48  Supply Depot  
  141  18:49  Supply Depot  
  141  19:06  Marine x3, Viking x2  
  144  19:24  Marine x2  
  143  19:36  Viking x2  
  77  20:14  Viking  
  77  20:15  Viking  
  77  20:16  Viking  
  77  20:17  Barracks Reactor  
  47  21:00  Viking x2  
  47  21:01  Viking  
  47  21:02  Marine x3  
  47  21:03  Marine x5  
  52  21:25  Marine x5  
  54  21:26  Marine x2  
  52  21:53  Marine x6  
  52  21:54  Marine x3  
  50  21:55  Viking x2  
  50  21:56  Viking  
  48  22:26  Starport Reactor  
  42  23:01  Marine x3  
  42  23:02  Marine x3  
  48  23:15  Marine  
  48  23:16  Viking  
  48  23:19  Marine  
  46  23:35  Marine x5  
  46  23:36  Marine  
  49  23:46  Viking  
  49  23:48  Marine  
  49  23:53  Marine  
  50  24:12  Marine x2  
  50  24:13  Marine x5  
  50  24:16  Viking  
  49  24:30  Marine  
  45  24:46  Viking  
  45  25:16  Viking  
  45  25:20  Marine x4  
  45  25:21  Marine x2  
  34  25:36  Marine  
  34  25:38  Marine  
  36  25:46  Viking  
Show
View Real Time Build Order
Export as new Build Order

Salocin Protoss - Winner!

Build Orders:  

Get SALT Encoding   

  12  0:02  Probe (Chrono Boost)  
  13  0:13  Probe (Chrono Boost)  
  14  0:23  Pylon  
  14  0:25  Probe (Chrono Boost)  
  15  0:52  Forge  
  15  0:59  Probe (Chrono Boost)  
  15  1:03  Pylon  
  16  1:08  Pylon  
  16  1:10  Probe (Chrono Boost)  
  17  1:32  Assimilator  
  17  1:33  Gateway  
  17  1:36  Assimilator  
  17  1:37  Gateway  
  17  2:10  Nexus  
  17  2:15  Probe (Chrono Boost)  
  18  2:21  Zealot  
  20  2:24  Zealot  
  22  2:36  Probe (Chrono Boost)  
  23  2:46  Probe (Chrono Boost)  
  23  2:48  Zealot  
  28  2:51  Zealot (Chrono Boost)  
  28  2:57  Probe (Chrono Boost)  
  29  3:15  Zealot (Chrono Boost)  
  31  3:25  Zealot (Chrono Boost)  
  29  3:43  Probe  
  29  3:47  Zealot (Chrono Boost)  
  34  3:48  Zealot (Chrono Boost)  
  34  3:54  Probe  
  34  3:55  Probe  
  36  4:06  Probe  
  36  4:07  Probe  
  38  4:11  Zealot (Chrono Boost)  
  40  4:18  Probe  
  40  4:19  Probe  
  40  4:20  Zealot (Chrono Boost)  
  44  4:30  Probe  
  45  4:31  Probe  
  45  4:36  Zealot (Chrono Boost)  
  46  4:44  Photon Cannon  
  46  4:45  Photon Cannon  
  46  4:46  Probe  
  46  4:48  Photon Cannon  
  45  4:57  Zealot (Chrono Boost)  
  45  5:19  Probe  
  46  5:27  Pylon  
  46  5:32  Pylon  
  46  5:38  Pylon  
  46  5:42  Pylon  
  46  5:45  Probe x2  
  46  5:46  Pylon  
  46  5:49  Pylon  
  48  5:52  Assimilator  
  48  5:54  Assimilator  
  48  5:57  Probe x2  
  48  6:02  Cybernetics Core  
  48  6:03  Zealot x2 (Chrono Boost)  
  54  6:09  Probe x2  
  56  6:21  Probe x2  
  58  6:27  Zealot x2 (Chrono Boost)  
  62  6:33  Probe x2  
  55  7:12  Probe  
  54  7:24  Probe  
  54  7:28  Photon Cannon  
  55  7:30  Photon Cannon x2  
  55  7:36  Probe, Photon Cannon  
  56  7:39  Photon Cannon  
  56  7:49  Probe  
  57  7:54  Nexus  
  57  7:58  Assimilator  
  57  7:59  Assimilator  
  57  8:01  Probe  
  58  8:15  Stargate  
  58  8:16  Stargate  
  58  8:17  Stargate  
  58  8:18  Stargate  
  58  8:28  Stalker x2 (Chrono Boost)  
  62  8:39  Photon Cannon  
  62  8:40  Photon Cannon  
  62  8:43  Photon Cannon  
  62  8:54  Stalker x2 (Chrono Boost)  
  66  8:58  Probe  
  67  9:05  Probe  
  68  9:10  Probe  
  68  9:16  Probe  
  66  9:20  Stalker x2 (Chrono Boost)  
  66  9:22  Probe  
  71  9:26  Probe  
  71  9:35  Mothership Core  
  71  9:37  Probe  
  74  9:47  Pylon  
  74  9:48  Probe  
  74  9:50  Photon Cannon  
  74  9:52  Photon Cannon  
  75  9:59  Photon Cannon  
  75  10:00  Void Ray x2  
  75  10:01  Void Ray x2  
  91  10:15  Protoss Air Armor Level 1  
  91  10:30  Photon Cannon  
  91  10:43  Void Ray x2  
  91  10:44  Void Ray x2  
  107  10:50  Probe  
  107  10:51  Probe  
  109  11:02  Probe x2  
  111  11:12  Probe  
  111  11:14  Probe  
  113  11:23  Probe  
  114  11:33  Probe  
  114  11:35  Probe  
  114  11:38  Probe  
  116  11:41  Void Ray  
  116  11:44  Void Ray, Probe  
  117  12:09  Protoss Air Weapons Level 1  
  117  12:14  Pylon  
  117  12:20  Pylon  
  117  12:23  Pylon  
  117  12:29  Pylon  
  117  12:30  Probe  
  117  12:31  Void Ray  
  117  12:32  Probe x2  
  124  12:37  Pylon  
  124  12:38  Void Ray  
  124  12:41  Probe  
  124  12:44  Probe x2  
  131  12:51  Probe  
  132  13:02  Probe  
  133  13:12  Probe  
  126  13:34  Void Ray x4  
  142  13:43  Photon Cannon  
  142  13:45  Photon Cannon  
  142  13:47  Photon Cannon  
  134  14:26  Void Ray x2  
  134  14:27  Void Ray x2  
  150  14:32  Pylon  
  150  14:45  Pylon  
  150  14:50  Pylon  
  150  15:02  Pylon  
  150  15:05  Pylon  
  150  15:10  Nexus  
  150  15:14  Assimilator  
  150  15:17  Assimilator  
  133  15:37  Void Ray x4  
  149  15:59  Pylon  
  149  16:20  Void Ray x4  
  165  16:35  Fleet Beacon  
  165  16:41  Photon Cannon  
  165  16:43  Photon Cannon  
  165  16:47  Photon Cannon  
  165  17:22  Tempest x4  
  173  18:04  Tempest x2  
  173  18:05  Tempest x2  
  189  18:15  Protoss Ground Weapons Level 1  
  189  18:16  Protoss Air Weapons Level 2  
  189  18:18  Anion Pulse-Crystals  
  189  19:22  Graviton Catapult  
  87  20:09  Protoss Ground Armor Level 1  
  73  20:31  Protoss Air Armor Level 2  
  73  20:40  Tempest x2  
  73  20:41  Tempest x2  
  82  21:23  Tempest x2  
  82  21:24  Tempest x2  
  86  22:03  Protoss Shields Level 1  
  86  22:06  Tempest x3  
  86  22:07  Tempest  
  95  23:47  Pylon  
  94  23:50  Pylon  
  94  23:53  Pylon  
  94  24:06  Tempest x2  
  94  24:07  Tempest x2  
  103  24:36  Pylon  
  103  24:38  Pylon  
  103  24:40  Pylon  
  103  24:49  Tempest x4  
  98  25:32  Tempest x4  
  114  25:46  Pylon  
  114  25:50  Pylon  
  114  25:52  Photon Cannon  
Tags
 
Add a new tag
Caveats
  • Supply blocks, unpowered buildings, or Contaminate may cause inaccurate times.
  • Supply counts are checked every 10 seconds.